[Event "*** Titled Tuesday Blitz"]
[Site "Chess.com"]
[Date "2020.12.29"]
[Round "1"]
[White "Itk04"]
[Black "torsten64"]
[Result "1/2-1/2"]
[WhiteElo "2500"]
[BlackElo "2131"]
[TimeControl "180+1"]
[EndTime "10:08:54 PST"]
[Termination "Game drawn by repetition"]

1. e4 c5 2. Nf3 d6 3. d4 cxd4 4. Nxd4 Nf6 5. Nc3 a6 6. Nb3 e6 7. g4 Be7 8. Be3 b5 9. g5 Nfd7 10. Rg1 Bb7 11. Qd2 Nc6 12. O-O-O Nce5 13. Be2 Nc4 14.
Bxc4 bxc4 15. Nd4 Qa5 16. Kb1 Rb8 17. f3 Nc5 18. Nce2 Qb6 19. c3 a5 20. a4 Qc7 21.
Nb5 Qc6 22. Nxd6+ Bxd6 23. Qxd6 Qxd6 24. Rxd6 Nxa4 25. Rgd1 O-O 26. Ba7 Ra8 27. Bf2 Rab8 28. Ba7 Ra8 29. Be3 Rab8 30. Bc1 Ba8 31. Kc2 Rb5 32. Nd4 Rbb8 33. Nc6 Bxc6 34. Rxc6 Rbc8 35. Rdd6 Nc5 36. Be3 Nd3 37. Rxc8 Rxc8 38. Ra6 g6 39.
Rxa5 Ne1+ 40. Kd2 Nxf3+ 41. Ke2 Nxh2 42. Bd4 Ng4 43. Kf3 h5 44. gxh6 Nxh6 45. Bf6 Kh7 46. Ra7 Rb8 47. e5 Rxb2 48. Ra8 Ng8 49. Rf8 Nxf6 50. exf6 Rc2 51. Rxf7+ Kg8 52. Rg7+ Kf8 53. Ke4 Rxc3 54. Ke5 Re3+ 55. Kd6 c3 56. Rc7 Rd3+ 57. Kxe6 Re3+ 58. Kd5 Rd3+ 59. Ke4 Rg3 60. Kf4 Rd3 61. Kg5 Rg3+ 62. Kh6 g5 63. Kg6 Ke8 64. f7+ Kd8 65. Ra7 Rf3 66. Ra8+ Kd7 67. f8=Q Rxf8 68. Rxf8 Kd6 69.
Kxg5 Kd5 70. Rd8+ Ke4 71. Rc8 Kd3 72. Kf4 c2 73. Rd8+ Ke2 74. Re8+ Kd2 75. Rd8+ Ke2 76. Rc8 Kd2 77. Rd8+ Ke2 1/2-1/2

[Event "*** Titled Tuesday Blitz"]
[Site "Chess.com"]
[Date "2020.12.29"]
[Round "1"]
[White "NiranjanNavalgund"]
[Black "Jospem"]
[Result "1/2-1/2"]
[WhiteElo "2481"]
[BlackElo "2981"]
[TimeControl "180+1"]
[EndTime "10:08:55 PST"]
[Termination "Game drawn by repetition"]

1. d4 Nf6 2. Nf3 e6 3. c4 Bb4+ 4. Bd2 Qe7 5. g3 Bxd2+ 6. Nbxd2 d6 7. Bg2 a5 8. O-O e5 9. dxe5 dxe5 10. Qc2 Nc6 11. Ne4 O-O 12. Nxf6+ Qxf6 13. Rad1 Bf5 14. Qc3 Be4 15. Rd7 Rac8 16. Rfd1 h6 17. h4 Bf5 18.
R7d2 Rfe8 19. b3 Be4 20. a3 Qe7 21. c5 Bxf3 22. Bxf3 Nd4 23. Bg2 Red8 24. Kf1 b6 25. Bh3 Rb8 26. cxb6 cxb6 27. b4 a4 28. e3 Nb5 29.
Qb2 Nd6 30. Qc2 g6 31. Qxa4 Nc4 32. Rxd8+ Rxd8 33. Rxd8+ Qxd8 34. Qd7 Qa8 35. Bg2 e4 36. a4 Nb2 37. a5 bxa5 38. bxa5 Qxa5 39. Bxe4 Qa1+ 40.
Kg2 Qa6 41. Bd5 Qf6 42. Qc8+ Kg7 43. Qb7 Nd3 44. f4 h5 45. Qb3 Nc5 46. Qc4 Nd7 47. e4 Qd6 48. e5 Qe7 49. Qd4 Kf8 50. Bf3 Nc5 51. Qd5 Ne6 52. Qa8+ Kg7 53. Qe4 Qc5 54. f5 gxf5 55. Qxf5 Qe3 56. Qxh5 Qd2+ 57. Kh3 Qe1 58. Qg4+ Kf8 59. Bg2 Qxe5 60. h5 Ng5+ 61. Kh2 f6 62.
Qc8+ Kg7 63. Qc2 Kf8 64. Qg6 Nf7 65. h6 f5 66. h7 f4 67. Qg8+ Ke7 68. gxf4 Qxf4+ 69. Kh1 Qc1+ 70. Kh2 Qh6+ 71. Kg1 Qh4 72. Qg7 Qe1+ 73.
Kh2 Qh4+ 74. Kg1 Qe1+ 75. Kh2 Qh4+ 76. Bh3 Qf2+ 77. Bg2 Qh4+ 1/2-1/2

[Event "*** Titled Tuesday Blitz"]
[Site "Chess.com"]
[Date "2020.12.29"]
[Round "1"]
[White "1f3_2g41-0"]
[Black "DenLaz"]
[Result "0-1"]
[WhiteElo "2426"]
[BlackElo "2825"]
[TimeControl "180+1"]
[EndTime "10:08:58 PST"]
[Termination "DenLaz won by checkmate"]

1. e4 e5 2. Nf3 Nc6 3. Bb5 a6 4. Ba4 Nf6 5. O-O Be7 6. c3 Nxe4 7.
Re1 Nc5 8. Bxc6 dxc6 9. Nxe5 Nd3 10. Nxd3 Qxd3 11. Re3 Qd6 12. d4 O-O 13. Nd2 Be6 14. Re1 Rad8 15. Ne4 Qd5 16. Bf4 Rd7 17. Qf3 Bf5 18.
Rad1 Qxa2 19. Ng3 Bg6 20. Qg4 Rfd8 21. h4 f5 22. Nxf5 Bxf5 23. Qxf5 Qf7 24. Qxf7+ Kxf7 25. g3 c5 26. Kg2 cxd4 27. Rxd4 Rxd4 28. cxd4 Rd7 29.
Rc1 c6 30. Rc4 Bf6 31. Be3 Rd5 32. Kf3 Rb5 33. Rc2 Ke6 34. Ke4 a5 35. g4 g6 36. f3 Bxh4 37. Rh2 g5 38. f4 h6 39. f5+ Kf6 40. Rc2 a4 41. Bd2 Rd5 42. Bc3 Kf7 43. Rc1 Bg3 44. Ra1 b5 45. Rg1 Bd6 46. Rh1 Kg7 47. Ra1 b4 48. Bd2 a3 49. bxa3 bxa3 50. Bc3 Kf7 51. Ra2 Rb5 52. Ra1 Rb3 53. Kd3 Bb4 54. Kc4 Rxc3+ 55. Kxb4 Rg3 56. Rxa3 Rxg4 57. Kc5 Rf4 58. Re3 Rxf5+ 59. Kxc6 Rf6+ 60. Kc7 Rf1 61. d5 Rc1+ 62. Kd7 Rd1 63. d6 g4 64. Re7+ Kf6 65.
Re6+ Kg5 66. Ke7 h5 67. d7 Rxd7+ 68. Kxd7 g3 69. Re8 h4 70. Rg8+ Kf4 71. Ke6 h3 72.
Kd5 h2 73. Rf8+ Ke3 74. Re8+ Kd3 75. Rh8 Ke3 76. Ke5 Kf3 77. Kf5 Ke3 78. Kg4 g2 79. Rh3+ Ke4 80. Rxh2 g1=Q+ 81. Kh3 Qg6 82. Rg2 Qh6+ 83.
Kg3 Ke3 84. Rf2 Qg6+ 85. Kh2 Kxf2 86. Kh3 Qh5# 0-1

[Event "*** Titled Tuesday Blitz"]
[Site "Chess.com"]
[Date "2020.12.29"]
[Round "1"]
[White "Supernotar"]
[Black "KononenkoD"]
[Result "1/2-1/2"]
[WhiteElo "2868"]
[BlackElo "2455"]
[TimeControl "180+1"]
[EndTime "10:09:03 PST"]
[Termination "Game drawn by repetition"]

1. d4 Nf6 2. c4 c5 3. d5 b5 4. Nf3 g6 5. b3 Bg7 6. Bb2 O-O 7.
Nbd2 e6 8. dxe6 fxe6 9. cxb5 d5 10. e3 Nbd7 11. Be2 Bb7 12. O-O Qe7 13. a4 e5 14. e4 Nxe4 15. Nxe4 dxe4 16. Bc4+ Kh8 17. Ng5 Qxg5 18. Qxd7 Rab8 19. Qh3 Rbd8 20. Rad1 Qf4 21.
Qe3 Qg4 22. h3 Qc8 23. Qg5 Rd4 24. Bxd4 exd4 25. Bd5 Rf5 26. Bxb7 Qxb7 27. Qd8+ Rf8 28. Qd6 Rf5 29. Rc1 Qb6 30. Qe7 Be5 31. g4 Bd6 32. Qxe4 Rf4 33. Qe8+ Rf8 34. Qe4 Qd8 35. b4 Qh4 36. bxc5 Bf4 37. Qxd4+ Kg8 38. Qd5+ Kh8 39. Rc3 h5 40. Qg2 hxg4 41. Qxg4 Qf6 42. Rf3 g5 43. c6 Qd4 44. Kg2 Qxa4 45. c7 Qc4 46. c8=Q Qxc8 47. Qxc8 Rxc8 48. h4 Rb8 49. hxg5 Bxg5 50. Rf5 Bd2 51. Rh1+ Kg7 52. Rh3 Kg6 53. Rd5 Ba5 54. Rhd3 Bb6 55. Rg3+ Kf6 56. Rf3+ Ke6 57. Rdf5 Rg8+ 58. Kf1 Rc8 59. Ke2 Rc2+ 60. Kd3 Rb2 61.
Kc3 Rb1 62. Rf6+ Ke5 63. R3f5+ Ke4 64. Rf4+ Ke5 65. Kd3 Rb3+ 66. Ke2 Rb2+ 67. Kf1 Rb1+ 68. Kg2 Rb2 69. R6f5+ Ke6 70. Rf3 Rb1 71. Rh5 Rb2 72. Rh6+ Ke5 73. Rh5+ Ke6 74. Rf4 Rb3 75. Rf3 Rb2 1/2-1/2

[Event "*** Titled Tuesday Blitz"]
[Site "Chess.com"]
[Date "2020.12.29"]
[Round "1"]
[White "ErikRonka"]
[Black "mbojan"]
[Result "1-0"]
[WhiteElo "2375"]
[BlackElo "2672"]
[TimeControl "180+1"]
[EndTime "10:09:03 PST"]
[Termination "ErikRonka won by checkmate"]

1. e4 g6 2. d4 Bg7 3. c4 d6 4. Nc3 e5 5. Nge2 Nf6 6. f3 O-O 7. Be3 exd4 8. Nxd4 c6 9. Be2 Re8 10. Bf2 d5 11. exd5 cxd5 12. c5 Nc6 13. O-O Nh5 14.
Qd2 Be5 15. g3 Ng7 16. Rad1 Ne6 17. Nxe6 Bxe6 18. Nb5 d4 19. b4 a6 20. Na3 Bc7 21. Rfe1 h5 22. Nc4 h4 23. a4 Qb8 24. f4 hxg3 25.
hxg3 b5 26. cxb6 Bxb6 27. Nxb6 Qxb6 28. b5 axb5 29. axb5 Ne7 30. Bxd4 Qb7 31. Bb2 Qa7+ 32. Kg2 Bd5+ 33. Bf3 Bxf3+ 34. Kxf3 Nf5 35. Qc3 Qb7+ 36. Kg4 Nh6+ 37. Kh3 Qc8+ 38. Kg2 Qxc3 39. Bxc3 Ng4 40.
Rxe8+ Rxe8 41. Rb1 Rc8 42. b6 Rb8 43. b7 f6 44. Ba5 Ne3+ 45. Kf3 Nd5 46. Bd2 Kf7 47. Be3 Ne7 48. Ba7 Rxb7 49. Bb8 Ke6 50. Rxb7 Nd5 51. Rb3 f5 52. Rb1 Nc3 53. Re1+ Kf7 54. Re3 Nd5 55. Rd3 Nb4 56. Rb3 Nc6 57. Be5 Nd8 58. Rb6 Ne6 59. Ra6 Nc5 60. Ra7+ Ke6 61. g4 Ne4 62.
gxf5+ gxf5 63. Ra6+ Kd5 64. Ra4 Nd2+ 65. Ke2 Nc4 66.
Rxc4 Kxc4 67. Kf3 Kd3 68. Kg3 Kc4 69. Kh4 Kd5 70. Kg5 Ke4 71. Kf6 Kf3 72. Kxf5 Ke3 73. Kg6 Kf3 74. f5 Ke4 75. f6 Kxe5 76. f7 Ke6 77. f8=Q Kd7 78. Qf6 Kc8 79. Kf5 Kd7 80. Ke5 Kc7 81. Kd5 Kd7 82. Qe6+ Kc7 83.
Qd6+ Kb7 84. Qc6+ Kb8 85. Qd7 Ka8 86. Kc6 Kb8 87. Qb7# 1-0

[Event "*** Titled Tuesday Blitz"]
[Site "Chess.com"]
[Date "2020.12.29"]
[Round "1"]
[White "nobodyperfect13"]
[Black "Babujj"]
[Result "0-1"]
[WhiteElo "2202"]
[BlackElo "2533"]
[TimeControl "180+1"]
[EndTime "10:09:06 PST"]
[Termination "Babujj won by checkmate"]

1. c4 e5 2. Nc3 Nc6 3. g3 g6 4. Bg2 Bg7 5. Nf3 Nge7 6. d3 O-O 7. O-O d5 8. cxd5 Nxd5 9. Nxe5 Nxc3 10. Nxc6 Nxd1 11.
Nxd8 Nxb2 12. Bxb2 Bxb2 13. Rab1 Rxd8 14. Rxb2 c6 15. Rc1 Re8 16. e3 Re7 17. d4 Be6 18. a4 Rd8 19. a5 a6 20. Rcb1 Rdd7 21. h4 Bf5 22. Rc1 Be4 23. Bh3 f5 24. Bg2 Rd5 25.
Bxe4 fxe4 26. Rc5 Rxc5 27. dxc5 Kf7 28. Rd2 h5 29. Rd6 Re5 30. Rd7+ Ke6 31. Rxb7 Rxc5 32. Rb6 Rxa5 33. Rxc6+ Kf5 34. Kg2 Ra2 35. Rc5+ Kf6 36.
Rc6+ Kg7 37. Rc4 a5 38. Rd4 a4 39. Rxe4 a3 40. Ra4 Kf6 41. Kf3 Ra1 42. Ke4 a2 43. Ra6+ Kg7 44. f3 Kf7 45. Kf4 Kg7 46. e4 Kf7 47.
Ke5 Rg1 48. Ra7+ Ke8 49. Rxa2 Rxg3 50. Ke6 Kf8 51. e5 Rxf3 52. Ra8+ Kg7 53. Ke7 Rf7+ 54.
Ke6 Rf4 55. Ra7+ Kh6 56. Kd6 Rxh4 57. e6 Rd4+ 58. Ke5 Rd1 59. e7 Kg5 60. Ra8 Re1+ 61. Kd6 Rd1+ 62. Ke6 Re1+ 63. Kd6 Rd1+ 64. Kc5 Rc1+ 65.
Kd4 Rd1+ 66. Ke3 Re1+ 67. Kf2 Rxe7 68. Ra6 Rf7+ 69. Kg2 h4 70. Ra5+ Rf5 71. Ra8 Kg4 72.
Ra4+ Rf4 73. Ra8 h3+ 74. Kh2 Rf2+ 75. Kg1 Kg3 76. Ra3+ Rf3 77. Ra1 g5 78. Kh1 g4 79.
Rg1+ Kh4 80. Ra1 Rf2 81. Ra8 Rf1+ 82. Kh2 g3# 0-1

[Event "*** Titled Tuesday Blitz"]
[Site "Chess.com"]
[Date "2020.12.29"]
[Round "1"]
[White "juli2512"]
[Black "Yoda1992"]
[Result "0-1"]
[WhiteElo "2105"]
[BlackElo "2505"]
[TimeControl "180+1"]
[EndTime "10:09:16 PST"]
[Termination "Yoda1992 won by resignation"]

1. e4 c5 2. Nf3 d6 3. d3 Nf6 4. g3 g6 5. Bg2 Bg7 6. O-O O-O 7. Nbd2 Nc6 8. Re1 e5 9. Nc4 Bg4 10. h3 Be6 11. Ne3 Qd7 12. Kh2 Rfe8 13. c3 Rad8 14.
Qc2 d5 15. Ng5 d4 16. Nxe6 Qxe6 17. Nd5 Ne7 18. c4 Nfxd5 19. cxd5 Qd6 20. Bd2 b6 21. a3 Rc8 22. Qc4 f5 23. Rac1 Rf8 24. Kg1 f4 25. b4 fxg3 26. fxg3 Kh8 27. Qa2 Ng8 28. bxc5 bxc5 29. Rf1 Nf6 30. Rb1 Nh5 31. Kh2 Rxf1 32. Rxf1 Rf8 33. Qb1 h6 34. Qc1 Kh7 35. Rxf8 Qxf8 36. Qf1 Qe7 37. Bf3 Nf6 38. Qe1 Ne8 39. Qb1 Qf7 40. Kg2 Nd6 41. Qb8 Qd7 42. Ba5 c4 43. dxc4 Nxc4 44. Bb4 Ne3+ 45. Kf2 Qxh3 46. Qc7 Qh2+ 47. Ke1 Qg1+ 48. Kd2 Qf2+ 49. Kc1 Qxf3 50. Kb2 Qe2+ 51. Kb3 Qd1+ 52. Kb2 Qe2+ 53. Kb3 Qd3+ 54. Kb2 Qxe4 55. d6 Qg2+ 56. Kb3 Qc2+ 57. Qxc2 Nxc2 58. Kxc2 Bf6 59. Kd3 Kg7 60. d7 Kf7 61.
Ba5 Ke6 62. d8=Q Bxd8 63. Bxd8 Kd5 64. Bc7 e4+ 65. Kd2 Kc4 66. Bb8 a6 67. Ba7 h5 68.
a4 e3+ 69. Ke2 Kc3 70. a5 g5 71. Bb6 h4 72. gxh4 gxh4 73. Kf3 Kd3 74. Bc5 e2 75.
Kf2 h3 76. Bb4 Kc4 77. Be1 d3 78. Kg3 Kb3 79. Kxh3 Kc2 80. Kg3 Kd1 81. Kf2 d2 82.
Bxd2 Kxd2 0-1

[Event "*** Titled Tuesday Blitz"]
[Site "Chess.com"]
[Date "2020.12.29"]
[Round "1"]
[White "Aleksey_Sorokin"]
[Black "WPWPWP-2015"]
[Result "1-0"]
[WhiteElo "2827"]
[BlackElo "2428"]
[TimeControl "180+1"]
[EndTime "10:09:19 PST"]
[Termination "Aleksey_Sorokin won on time"]

1. d4 Nf6 2. c4 c6 3. Nf3 d5 4. e3 Bf5 5. Nc3 e6 6. Nh4 Bg6 7. Nxg6 hxg6 8. Bd2 Nbd7 9. Rc1 Bd6 10. h3 O-O 11. Bd3 Rc8 12. c5 Bb8 13. f4 Re8 14. O-O b6 15. b4 b5 16. a4 a6 17. axb5 axb5 18. Qf3 Bc7 19. Ra1 Ra8 20. Rfb1 Qc8 21.
Be1 Qb7 22. Bh4 Nh7 23. Qd1 Rxa1 24. Rxa1 Ra8 25. Qb1 Ra6 26. Rxa6 Qxa6 27. Qa2 Qxa2 28. Nxa2 Nb8 29. Kf1 Nf8 30. Ke2 f6 31. Kd2 Kf7 32.
Kc3 Nfd7 33. Nc1 e5 34. f5 e4 35. fxg6+ Kxg6 36. Be2 f5 37. Bd1 Nf6 38. Ne2 Kf7 39. Nf4 g6 40. g4 fxg4 41. hxg4 Nh7 42. g5 Bd8 43. Nh3 Nf8 44. Nf4 Nh7 45. Nh3 Nf8 46. Bg4 Ne6 47. Bg3 Nd7 48. Bd6 Ndf8 49. Bxf8 Nxf8 50.
Bc8 Ke8 51. Kd2 Be7 52. Ke2 Kd8 53. Bg4 Nh7 54. Nf4 Nxg5 55. Nxg6 Bf6 56. Kf2 Kc7 57. Kg3 Nf7 58. Nf4 Ng5 59. Bf5 Nf3 60. Bg4 Ne1 61. Bd1 Bg5 62. Ne6+ Kd7 63. Nxg5 Nd3 64. Nh3 Nxb4 65.
Nf4 Na2 66. Kf2 Nc3 67. Bb3 b4 68. Ke1 Nb5 69. Ne2 Kc7 70. Ba4 Na3 71. Bb3 Nb5 72.
Kd2 Na3 73. Nf4 Nb5 74. Ng2 Na3 75. Ne1 Nb1+ 76. Kc2 Nc3 77. Kd2 Nb1+ 78. Kc1 Nc3 79. Nc2 Ne2+ 80. Kd2 Ng1 81. Nxb4 Nf3+ 82. Ke2 Nh4 83. Ba4 Nf5 84. Bxc6 Ne7 85. Nxd5+ 1-0

[Event "*** Titled Tuesday Blitz"]
[Site "Chess.com"]
[Date "2020.12.29"]
[Round "1"]
[White "j2806"]
[Black "Love_craft"]
[Result "0-1"]
[WhiteElo "2002"]
[BlackElo "2482"]
[TimeControl "180+1"]
[EndTime "10:09:19 PST"]
[Termination "Love_craft won by resignation"]

1. e4 g6 2. d4 Bg7 3. Be3 d6 4. Nc3 a6 5. f3 b5 6. Qd2 Bb7 7. O-O-O h5 8. g3 Nd7 9. h3 Rc8 10. Bg2 c5 11. Nge2 Nb6 12. dxc5 Nc4 13. Qd3 Nxe3 14.
Qxe3 Rxc5 15. Qxc5 dxc5 16. Rxd8+ Kxd8 17. Rd1+ Kc7 18. Nd5+ Bxd5 19. Rxd5 c4 20. c3 e6 21. Rd1 Ne7 22. f4 e5 23. fxe5 Bxe5 24. Kd2 Nc6 25.
Ke3 Bd6 26. Nf4 Bc5+ 27. Ke2 Ne5 28. Nd5+ Kb7 29. b3 h4 30. g4 Nd3 31. bxc4 bxc4 32. Rf1 Ne5 33. Rb1+ Kc6 34. Ne3 Bxe3 35. Kxe3 Rd8 36.
Bf1 g5 37. Be2 a5 38. Rf1 Rd6 39. Rf5 f6 40. Rf1 Kc5 41. Rb1 Rb6 42. Rxb6 Kxb6 43.
Kd4 Kb5 44. Bd1 Nd3 45. Be2 Ne5 46. Bd1 a4 47. Kd5 Ng6 48. Ke6 Nf4+ 49. Kxf6 Nxh3 50. Bf3 Ng1 51. Bh1 Ne2 52. e5 Nxc3 53. e6 Ne4+ 54. Ke5 Nc5 55. e7 Nd7+ 56. Ke6 Nc5+ 57. Kf7 c3 58.
e8=Q+ Kb4 59. Qe1 Nb3 60. axb3 axb3 61. Be4 h3 62. Kg6 h2 63. Kxg5 b2 64. Kf5 Kb3 65. g5 c2 66. Bxc2+ Kxc2 67. Qe2+ Kc1 68. Qxh2 b1=Q+ 69. Kf6 Qb6+ 70. Kg7 Qd4+ 71. Kg6 Qe4+ 72. Kh6 Qe6+ 73. g6 Qf6 74. Kh7 Qf5 75. Qh6+ Kb1 76. Qf8 Qxf8 77. g7 Qf5+ 78. Kh8 Qh5+ 79. Kg8 Kc2 80.
Kf8 Qf5+ 81. Kg8 Kd3 82. Kh8 Qh5+ 83. Kg8 Ke4 84. Kf8 Qf5+ 85. Kg8 Ke5 86. Kh8 Qh5+ 87. Kg8 Kf6 0-1

[Event "*** Titled Tuesday Blitz"]
[Site "Chess.com"]
[Date "2020.12.29"]
[Round "1"]
[White "GoltsevDmitry2000"]
[Black "eCztery"]
[Result "1-0"]
[WhiteElo "2701"]
[BlackElo "2367"]
[TimeControl "180+1"]
[EndTime "10:09:32 PST"]
[Termination "GoltsevDmitry2000 won by checkmate"]

1. e4 c5 2. Nf3 g6 3. d3 Nc6 4. Nbd2 Bg7 5. g3 d5 6. Bg2 Nf6 7. O-O dxe4 8. dxe4 O-O 9. Qe2 Bg4 10. c3 Qd7 11. Qe3 b6 12. e5 Nd5 13. Qe2 Nxe5 14.
Nxe5 Bxe2 15. Nxd7 Bxf1 16. Nxf1 Rfd8 17. Bxd5 Rac8 18. Be3 Rxd7 19. Bc4 Rcd8 20. Be2 e5 21. a4 a5 22. Rb1 Kf8 23. b4 axb4 24. cxb4 cxb4 25.
Rxb4 Kg8 26. Rxb6 Ra8 27. Bb5 Rd1 28. Kg2 Bf8 29. Rb7 Ra1 30. Nd2 R1xa4 31. Bxa4 Rxa4 32.
Nf3 f6 33. Ne1 h5 34. Nd3 h4 35. Nc5 Bxc5 36. Bxc5 hxg3 37. hxg3 f5 38. Bd6 e4 39. Be5 Kf8 40. Rb6 e3 41. fxe3 g5 42. Rf6+ Ke7 43. Rxf5 g4 44. Bd4 Ra2+ 45. Rf2 Ra3 46. e4 Ra4 47.
Rd2 Ke6 48. Kf2 Ra3 49. Be3 Ke5 50. Rb2 Kxe4 51. Rb4+ Kf5 52. Rf4+ Ke5 53. Rxg4 Kf5 54. Rf4+ Ke5 55. Kf3 Ra1 56. Re4+ Kf5 57. Rb4 Rf1+ 58.
Bf2 Ra1 59. Rb5+ Kg6 60. Be3 Ra4 61. Bf4 Ra3+ 62. Kg4 Ra4 63. Rb6+ Kf7 64. Kf5 Ra5+ 65. Be5 Kg8 66. g4 Ra7 67. g5 Rf7+ 68. Bf6 Rf8 69. Rb7 Ra8 70. Rc7 Rb8 71. Kg6 Re8 72.
Rc2 Ra8 73. Rd2 Re8 74. Rh2 Rd8 75. Bxd8 Kf8 76. Bb6 Ke8 77. Bc5 Kd7 78. Kh7 Ke6 79. Be3 Kf5 80. Rf2+ Kg4 81. Bd2 Kh3 82. g6 Kg4 83. g7 Kh5 84. Rf6 Kh4 85. g8=Q Kh5 86. Rh6# 1-0

[Event "*** Titled Tuesday Blitz"]
[Site "Chess.com"]
[Date "2020.12.29"]
[Round "1"]
[White "Shepherdboy"]
[Black "Aemulus20"]
[Result "1/2-1/2"]
[WhiteElo "2317"]
[BlackElo "2596"]
[TimeControl "180+1"]
[EndTime "10:10:00 PST"]
[Termination "Game drawn - timeout vs insufficient material"]

1. Nf3 c5 2. c3 g6 3. d4 cxd4 4. cxd4 Bg7 5. Nc3 Nf6 6. e3 O-O 7. Be2 d6 8. O-O a6 9. Bd2 b5 10. Rc1 Bb7 11. Qb3 Nc6 12. Rfd1 Rc8 13. a4 b4 14. d5 bxc3 15. Bxc3 Rb8 16. dxc6 Bxc6 17. Qc4 Bb7 18. b4 Qd7 19. Qa2 Rfc8 20. Qa1 Rc7 21. b5 axb5 22. axb5 Rbc8 23. Bb2 Rc2 24. Bd3 R2c5 25. Rxc5 Rxc5 26. Rc1 Rxc1+ 27. Qxc1 e5 28. Nd2 Ne8 29. b6 d5 30. Qc5 Bf8 31. Qb5 Qxb5 32. Bxb5 Nd6 33. Be2 f6 34. f4 exf4 35. exf4 Nf5 36.
Nb3 Kf7 37. g4 Nd6 38. Na5 Bc8 39. Bf3 Ke6 40. f5+ gxf5 41. gxf5+ Nxf5 42. b7 Bxb7 43. Nxb7 Bb4 44. Bg4 d4 45. Nd8+ Ke5 46. Bxf5 Kxf5 47.
Nc6 Bc5 48. Bxd4 Bd6 49. h3 Kg6 50. Kg2 h5 51. Be3 Kf5 52. Nd4+ Ke4 53. Bf2 Bc5 54. Ne6 Bd6 55. Ng7 f5 56. Nxh5 f4 57. Nf6+ Kf5 58.
Ng4 Ke4 59. Nf6+ Kf5 60. Nd5 Ke4 61. Nc3+ Kd3 62. Nb5 Bb8 63. Kf3 Kc4 64. Na3+ Kd5 65. Nc2 Ke5 66. Ne1 Kf5 67. Ng2 Bc7 68. Be1 Kg5 69. Bd2 Kh5 70. Bxf4 Bd8 71. Bg3 Be7 72. Bf2 Kg6 73. Ne3 Kh5 74. Ng4 Bg5 75. Nh2 Bf6 76. Nf1 Be7 77. Ng3+ Kg6 78. Kg4 Bd8 79. Ne4 Kh6 80. Bh4 Bc7 81. Bg5+ Kh7 82. h4 Be5 83. h5 Bd4 84. Ng3 Bc3 85. Ne2 Ba1 86. Nf4 Bg7 87. Bh4 Ba1 88. Nh3 Bg7 89. Bg3 Kh6 90.
Bf4+ Kh7 91. Ng5+ Kg8 92. Kf5 Bc3 93. Kg6 Bb2 94. Nh3 Kh8 95. Bg5 Kg8 96. Nf4 Bg7 97.
Bf6 Bf8 98. Ne6 Bh6 1/2-1/2

[Event "*** Titled Tuesday Blitz"]
[Site "Chess.com"]
[Date "2020.12.29"]
[Round "1"]
[White "PhoenixFire8"]
[Black "Mazetovic"]
[Result "1/2-1/2"]
[WhiteElo "2446"]
[BlackElo "2833"]
[TimeControl "180+1"]
[EndTime "10:10:19 PST"]
[Termination "Game drawn by repetition"]

1. Nf3 Nf6 2. b3 g6 3. Bb2 Bg7 4. g3 d6 5. Bg2 c5 6. O-O e5 7.
c4 Nc6 8. Nc3 O-O 9. Ne1 Be6 10.
Nd5 Bxd5 11. cxd5 Ne7 12. e4 Nd7 13. Nf3 b5 14. a4 a6 15. Qe2 Qb6 16. d3 Rfb8 17. Bh3 Nf6 18. axb5 axb5 19. Nxe5 dxe5 20. Bxe5 Re8 21. Qb2 Nh5 22. Bxg7 Nxg7 23. Qe5 Rxa1 24. Rxa1 f6 25. Qc3 Rd8 26. b4 cxb4 27. Qxb4 Qd6 28. Qxb5 Ne8 29. d4 Nc7 30. Qc5 Ncxd5 31. exd5 Nxd5 32.
Ra8 Kg7 33. Ra7+ Kh6 34. Qc1+ g5 35. Bf5 Ne7 36. Qc2 Ng6 37. Bxg6 hxg6 38. Qe4 Rd7 39. Rxd7 Qxd7 40. d5 Kg7 41. Qc4 Kf7 42. Kg2 Ke7 43. Qc5+ Qd6 44. Qa7+ Ke8 45. Qd4 Ke7 46. f3 Qa3 47. Qe4+ Kf8 48. Kf2 Qb2+ 49. Qe2 Qd4+ 50. Qe3 Qxd5 51. g4 Kf7 52. Kg3 Qd6+ 53. Kf2 Qxh2+ 54.
Kf1 Qf4 55. Qa7+ Ke6 56. Qb6+ Qd6 57. Qe3+ Kf7 58. Qb3+ Qe6 59. Qb7+ Qe7 60. Qb3+ Kg7 61. Qc3 Kh7 62. Qd3 Qe6 63. Qc3 f5 64. Qd3 Kh6 65. Qd8 Kg7 66. Qc7+ Qf7 67. Qe5+ Kh7 68. Kg2 f4 69.
Qe1 Kg7 70. Qe5+ Qf6 71. Qc7+ Kh6 72. Qc1 Qe5 73. Qh1+ Kg7 74. Qd1 Qe6 75. Qd4+ Kf7 76. Qa7+ Kf6 77. Qd4+ Qe5 78. Qd8+ Ke6 79. Qe8+ Kd5 80.
Qb5+ Kd4 81. Qb2+ Kd5 82. Qb5+ Ke6 83. Qc6+ Qd6 84. Qe4+ Kf6 85. Qe2 Qd4 86. Qa6+ Ke5 87.
Qb5+ Qd5 88. Qe2+ Kd6 89. Qa6+ Kd7 90. Qa7+ Kc6 91. Qa6+ Kc5 92. Qa5+ Kc4 93. Qa2+ Kd4 94. Qd2+ Ke5 95. Qe2+ Kf6 96. Qa6+ Kg7 97. Qa7+ Kh6 98. Qf2 Qd3 99. Kh3 Qe3 100. Qxe3 fxe3 101. Kg2 Kg7 102. Kf1 Kf6 103. Ke2 Ke5 104. Kxe3 Kd5 105. f4 gxf4+ 106. Kxf4 Ke6 107. Kg5 Kf7 108. Kf4 Kf6 109. g5+ Ke6 110. Ke4 Kd6 111. Kd4 Ke6 112. Ke4 Kd6 113. Kd4 Ke6 114. Ke4 1/2-1/2

[Event "*** Titled Tuesday Blitz"]
[Site "Chess.com"]
[Date "2020.12.29"]
[Round "1"]
[White "zaur-mammadov"]
[Black "DavidEgglestonIM"]
[Result "0-1"]
[WhiteElo "2726"]
[BlackElo "2824"]
[TimeControl "180+1"]
[EndTime "10:10:37 PST"]
[Termination "DavidEgglestonIM won by checkmate"]

1. e4 e6 2. d4 d5 3. e5 c5 4. c3 Nc6 5. Nf3 Qb6 6. Na3 cxd4 7.
cxd4 Bb4+ 8. Bd2 f6 9. Nc2 Bxd2+ 10. Qxd2 fxe5 11. dxe5 Nge7 12. Bd3 O-O 13. Ncd4 Nxd4 14.
Nxd4 Nc6 15. Nxc6 bxc6 16. O-O c5 17. b3 Ba6 18. Rac1 Bxd3 19. Qxd3 Rf5 20. Qe3 Rc8 21. Rfd1 Qc7 22. f4 Qb6 23. g3 d4 24. Qe4 Rff8 25. Rc4 Rfd8 26. Kg2 a5 27. h4 Rd5 28. h5 h6 29. g4 Rcd8 30. Rd3 Qa6 31. Kg3 Qb7 32. Kh3 Qf7 33. Ra4 Rf8 34. Kg3 Qc7 35. Qg6 Qc6 36.
g5 hxg5 37. Qxg5 Rf5 38. Qg6 Rd7 39. Rxa5 Rf8 40. Rf3 d3 41. Rxd3 Rxd3+ 42. Qxd3 Qh1 43.
Qe3 Qxh5 44. Rxc5 Qg6+ 45. Kf2 Qb1 46. Qd2 Qe4 47. Rc4 Qxe5 48. a4 Qf6 49. Ke2 Qh4 50.
Qe3 Qh2+ 51. Kd3 Rd8+ 52. Kc3 Qh6 53. a5 Qf6+ 54. Qe5 Qe7 55. a6 Qd7 56. Qd4 Qe8 57. Qe5 Qd7 58. Kb2 Qd2+ 59. Ka3 Qd1 60. Qxe6+ Kh7 61.
Qf5+ Kg8 62. Qc2 Qa1+ 63. Qa2 Qf6 64. Ra4 Qd6+ 65. Rb4 Qxa6+ 66. Ra4 Qd6+ 67. Kb2 Qd2+ 68. Ka3 Qd6+ 69. Kb2 Qd2+ 70. Ka3 Qc1+ 71. Qb2 Qc5+ 72.
Ka2 Rc8 73. Qe5 Qc2+ 74. Ka3 Qc1+ 75. Qb2 Qc5+ 76. Ka2 Qd5 77. Rb4 Qd1 78. Ra4 Rc2 79. Rb4 Rxb2+ 80. Kxb2 Qd2+ 81. Ka3 Kh7 82. Rc4 Kh6 83.
Ka4 g6 84. Ka3 Kh5 85. Ka4 Kg4 86. Ka3 Kf3 87. Ka4 Ke3 88. Ka3 Kd3 89. Ka4 Qd1 90.
Ka3 Qa1+ 91. Kb4 Qa6 92. Rc3+ Kd4 93. Rc4+ Kd5 94. Rc5+ Kd6 95. Rc4 Qb6+ 96. Ka3 Ke6 97. Ka4 Kf5 98. b4 Qa6+ 99. Kb3 Kg4 100. Rd4 Qb5 101. Rc4 Qd5 102. Kc3 Kf3 103. Rd4 Qc6+ 104. Rc4 Qf6+ 105. Rd4 Ke3 106. Kc4 Qxd4+ 107. Kb5 Qxf4 108. Kc6 g5 109. b5 g4 110. b6 g3 111. b7 g2 112. b8=Q Qxb8 113. Kd7 g1=Q 114. Ke6 Qg6+ 115. Kd5 Qb5# 0-1

[Event "*** Titled Tuesday Blitz"]
[Site "Chess.com"]
[Date "2020.12.29"]
[Round "2"]
[White "eightbyeightchess"]
[Black "MoreChessJulia"]
[Result "1-0"]
[WhiteElo "2388"]
[BlackElo "2092"]
[TimeControl "180+1"]
[EndTime "10:13:04 PST"]
[Termination "eightbyeightchess won by resignation"]

1. e4 c5 2. Nf3 d6 3. d4 cxd4 4.
Qxd4 Nc6 5. Bb5 Qa5+ 6. Nc3 Qxb5 7. Nxb5 Nxd4 8. Nfxd4 Kd8 9. Bg5 a6 10. Na3 h6 11. Be3 Nf6 12. f3 e6 13. c4 Be7 14.
O-O Kc7 15. Rac1 b6 16. b4 Bb7 17. b5 a5 18. Rfd1 Rac8 19. Nb3 Nd7 20. Nb1 Nc5 21.
Nxc5 dxc5 22. Bf4+ 1-0

[Event "*** Titled Tuesday Blitz"]
[Site "Chess.com"]
[Date "2020.12.29"]
[Round "2"]
[White "DryCounty"]
[Black "Godzillator"]
[Result "1-0"]
[WhiteElo "2627"]
[BlackElo "2317"]
[TimeControl "180+1"]
[EndTime "10:13:17 PST"]
[Termination "DryCounty won by resignation"]

1. e4 c6 2. d4 d5 3. Nc3 dxe4 4.
Nxe4 Bf5 5. Nc5 Nd7 6. Nxb7 Qb6 7. Nc5 Nxc5 8. dxc5 Qxc5 9. c3 Rd8 10. Qa4 Nf6 11.
Be3 Qd5 12. Nf3 e6 13. Be2 Bc5 14. Rd1 Qe4 15. Rxd8+ Kxd8 16. Qd1+ Nd7 17. Bxc5 1-0

[Event "*** Titled Tuesday Blitz"]
[Site "Chess.com"]
[Date "2020.12.29"]
[Round "2"]
[White "HeadShotRomanTest"]
[Black "MF1966Idrisov"]
[Result "1-0"]
[WhiteElo "2181"]
[BlackElo "2392"]
[TimeControl "180+1"]
[EndTime "10:13:37 PST"]
[Termination "HeadShotRomanTest won by resignation"]

1. e4 c5 2. Nf3 d6 3. d4 cxd4 4. Nxd4 Nf6 5. Nc3 a6 6. h3 e5 7. Nde2 Be6 8. g3 Nbd7 9. Bg2 Be7 10. O-O O-O 11. Be3 b5 12. a4 b4 13. Nd5 Bxd5 14.
exd5 Qc7 15. Qd2 a5 16. c3 Rab8 17. cxb4 Rxb4 18. Nc3 Nc5 19. Nb5 Rxb5 20. axb5 Nb3 21. Qc3 Nxa1 22. Qxc7 1-0

[Event "*** Titled Tuesday Blitz"]
[Site "Chess.com"]
[Date "2020.12.29"]
[Round "2"]
[White "Alexandercs432"]
[Black "onnoelgersma"]
[Result "0-1"]
[WhiteElo "2201"]
[BlackElo "2424"]
[TimeControl "180+1"]
[EndTime "10:13:40 PST"]
[Termination "onnoelgersma won by resignation"]

1. e4 c5 2. Nf3 e6 3. d4 cxd4 4. Nxd4 Nc6 5. Nc3 a6 6. Nxc6 bxc6 7. Bd3 Qc7 8. O-O h5 9. Re1 Rb8 10. e5 Bc5 11. Ne4 Be7 12. b3 Qxe5 13. Rb1 Qc7 14.
Bb2 Nf6 15. Ng5 Ng4 16. g3 Bxg5 17. f4 Qb6+ 0-1